 Dungeon Crawl Stone Soup version 0.30-a0-782-ge64f9170bb (webtiles) character file.

Game seed: 17587351209334264581

18 M4edhros the Charlatan (level 2, -5/19 HPs)
             Began as an Octopode Artificer on Feb 20, 2023.
             Killed from afar by Natasha (7 damage)
             ... with a magic dart
             ... on level 2 of the Dungeon.
             The game lasted 00:00:55 (614 turns).

M4edhros the Charlatan (Octopode Artificer)          Turns: 614, Time: 00:00:55

Health: -5/19      AC:  1    Str:  8 (11) XL:     2   Next: 70%
Magic:  2/2        EV: 11    Int: 12 (13) God:
Gold:   59         SH:  6    Dex:  9 (12) Spells: 1/1 levels left

rFire   . . .      SeeInvis .    i - +0 dagger (protect)
rCold   . . .      Faith    .    g - +0 kite shield
rNeg    . . .      Spirit   .    (helmet restricted)
rPois   .          Reflect  .    (no amulet)
rElec   .          Harm     .    (no ring)
rCorr   .          Rampage  .    (no ring)
Will    .....                    (no ring)
Stlth   ++                       (no ring)
HPRegen 0.23/turn                (no ring)
MPRegen 0.08/turn                (no ring)
                                 (no ring)
                                 (no ring)

@: lethally poisoned (-5 -> -9)
A: almost no armour, amphibious, 8 rings, camouflage 1, gelatinous body 1,
(nimble swimmer 1), tentacles
a: no special abilities


You were on level 2 of the Dungeon.
You visited 1 branch of the dungeon, and saw 2 of its levels.

You collected 59 gold pieces.

Inventory:

Hand Weapons
 i - a +0 dagger of protection (weapon)
Armour
 g - a +0 kite shield (worn)
Wands
 b - a wand of flame (14) (quivered)
 c - a wand of charming (15)
 d - a wand of iceblast (5)
Scrolls
 e - a scroll of immolation {unknown}
 f - a scroll of identify {unknown}
 h - a scroll of teleportation {unknown}


   Skills:
 + Level 1.9 Fighting
 * Level 0.1 Short Blades
 + Level 2.9 Dodging
 - Level 1.3 Stealth
 * Level 0.0 Shields
 - Level 3.2 Evocations


You had one spell level left.
You didn't know any spells.
Your spell library was empty.

Dungeon Overview and Level Annotations

Branches:
Dungeon (2/15)

Altars:
Yredelemnul

Annotations:
D:2 Natasha


Innate Abilities, Weirdness & Mutations

You cannot wear most types of armour.
You are amphibious.
You can wear up to eight rings at the same time.
Your skin changes colour to match your surroundings (Stealth+).
Your rubbery body absorbs attacks. (AC +1, EV +1)
((You are camouflaged when in or above water. (Stealth+)))
You have tentacles for arms and can constrict up to eight enemies at once.


Message History

Natasha casts a spell at you. You resist with significant effort.
You barely miss the adder. Your grab misses the adder.
You tentacle-slap the adder. You squeeze the adder.
The adder is almost dead.
Natasha claws you but does no damage. You block the adder's attack.
Natasha casts a spell at you. The magic dart hits you!
The adder bites you but does no damage.
You closely miss the adder. Your grab misses the adder.
The adder is almost dead.
The adder bites you.
You are poisoned.
The adder poisons you!
Natasha casts a spell.
You barely miss the adder. Your grab misses the adder.
Your squeeze misses the adder.
The adder is almost dead.
You feel sick. The adder bites you.
You are lethally poisoned!
The adder poisons you! Natasha barely misses you. You block the adder's attack.
Okay, then.
Unknown command.
Unknown command.
* * * LOW HITPOINT WARNING * * *
You feel sick.
It was a potion of degeneration.
There was something very wrong with that liquid.
You feel weakened.
You feel dopey.
You feel clumsy.
* * * LOW HITPOINT WARNING * * *
You feel sick. The adder barely misses you.
The iron imp shouts, "Crawl home, thou yeasty weevil-witted minnow reeky!"
Aiming: Throw Flame
Press: ? - help, Shift-Dir - straight line, f - adder
Aim: an adder (severely wounded, 53% to hit)
The puff of flame misses the adder.
* * * LOW HITPOINT WARNING * * *
You feel sick. The adder misses you.
Natasha stares at you and mumbles some strange words.
The magic dart hits you!
You die...

######......# #.#
............# #.#
########.#### #.# #
#.# #####.## # #.#
#......# ##'##
#.###.## ##...## #.#
######
##.....####.##...... #
##...........@...#
####.........##.#S5.#
...†.........+.......#
####........^##h.....#
# ##.......######...#
##......# ...#
##...#.# ...# #+##..
.... ##.##


You could see an iron imp (summoned), Natasha and an adder.

Vanquished Creatures
  A dart slug (D:2)
  A ball python (D:2)
  2 giant cockroaches
  3 goblins
  2 hobgoblins
  A kobold (D:1)
  A quokka (D:2)
  4 rats
15 creatures vanquished.

Notes
Turn   | Place    | Note
-------+----------+-------------------------------------------
     0 | D:1      | M4edhros the Octopode Artificer began the quest for the
                  | Orb.
     0 | D:1      | Reached XP level 1. HP: 13/13 MP: 1/1
   234 | D:1      | Reached XP level 2. HP: 17/18 MP: 2/2
   295 | D:1      | You fall into a shaft and drop 1 floor!
   470 | D:2      | Found a basalt altar of Yredelemnul.
   605 | D:2      | Noticed Natasha
   614 | D:2      | Killed from afar by Natasha

Illustrated notes

Levels and vault maps discovered:
D:1:      tarquinn_simple_flora_water_f, layout_loops_ring,
          minmay_misc_feat_enclosed, minmay_misc_feat_secret_circle
D:2:      layout_loops_corners, basic_altar, st_stairs_10, chequers_garden,
          uniq_natasha, uniq_jessica

Action                     || total
---------------------------++-------
  Melee: Unarmed           ||    36
         Constrict         ||    11
         Tentacles         ||    10
         Dagger            ||     6
         Punch             ||     2
  Evoke: Wand              ||     1
    Use: Potion            ||     1
   Stab: Sleeping          ||     6
 Armour: Skin              ||     3
  Dodge: Dodged            ||    19
  Block: Kite shield       ||     3

Table legend: (Time is in decaauts)
 A = Elapsed time spent in this place.
 B = Non-inter-level travel time spent in this place.
 C = Inter-level travel time spent in this place.
 D = Time resting spent in this place.
 E = Time spent auto-exploring this place.
 F = Levels seen in this place.
 G = Mean time per level.
                   A        B        C        D        E       F      G
               +--------+--------+--------+--------+--------+-----+--------+
         Total |    614 |    598 |     16 |      0 |    472 |   2 |  307.0 |
       Dungeon |    614 |    598 |     16 |      0 |    472 |   2 |  307.0 |
               +--------+--------+--------+--------+--------+-----+--------+

Top non-repeatable levels by time:
     D:2: 319 daAuts
     D:1: 295 daAuts
